 Dungeon Crawl Stone Soup version 0.25-a0-429-g4e43983 (webtiles) character file.

Game seed: 9923731480098494400, levelgen mode: deterministic

1850 relicbr the Cleaver (level 8, -12/73 HPs)
             Began as a Minotaur Gladiator on Jan 25, 2020.
             Mangled by a yak (16 damage)
             ... on level 7 of the Dungeon.
             The game lasted 00:07:08 (5266 turns).

relicbr the Cleaver (Minotaur Gladiator)            Turns: 5266, Time: 00:07:08

Health: -12/73     AC:  5    Str: 24    XL:     8   Next: 88%
Magic:  7/7        EV: 12    Int:  5    God:
Gold:   230        SH:  0    Dex: 13    Spells: 7/7 levels left

rFire    . . .     SeeInvis .   a - +0 war axe
rCold    . . .     Gourm    .   (no shield)
rNeg     . . .     Faith    .   y - +0 ring mail
rPois    +         Spirit   .   c - +0 hat
rElec    .         Reflect  .   (no cloak)
rCorr    .         Harm     .   (no gloves)
MR       .....                  (no boots)
Stlth    +.........             (no amulet)
HPRegen  0.22/turn              x - +4 ring of strength
MPRegen  0.10/turn              w - ring of poison resistance

@: no status effects
A: retaliatory headbutt, horns 2
a: no special abilities


You were on level 7 of the Dungeon.
You were not hungry.

You visited 2 branches of the dungeon, and saw 7 of its levels.

You collected 230 gold pieces.

Inventory:

Hand Weapons
 a - a +0 war axe (weapon)
Missiles
 d - 2 throwing nets
 q - 16 poisoned darts (quivered)
Armour
 c - a +0 hat (worn)
 y - a +0 ring mail (worn)
Jewellery
 p - a cursed ring of teleportation {unknown}
 w - a ring of poison resistance (right hand)
 x - a +4 ring of strength (left hand)
Wands
 z - a wand of paralysis (7)
 B - a wand of disintegration (10)
Scrolls
 e - a scroll of enchant armour {unknown}
 g - 3 scrolls of teleportation
 h - 2 scrolls of remove curse
 i - a scroll of enchant weapon {unknown}
 m - 2 scrolls of blinking {unknown}
 t - a scroll of magic mapping {unknown}
 u - 2 scrolls of random uselessness {unknown}
 v - a scroll of fog {unknown}
 A - a scroll of immolation {unknown}
 D - 2 scrolls of identify
Potions
 b - a potion of haste {unknown}
 j - 4 potions of curing
 k - 2 potions of berserk rage
 l - 2 potions of cancellation {unknown}
 n - a potion of experience {unknown}
 o - a potion of heal wounds {unknown}
 r - 2 potions of invisibility
 s - 2 potions of agility {unknown}
 C - a potion of magic {unknown}
Comestibles
 f - 12 rations
 E - 2 chunks of flesh


   Skills:
 * Level 7.4 Fighting
 - Level 12.1 Axes
 - Level 2.0 Throwing
 - Level 3.2 Dodging


You had 7 spell levels left.
You didn't know any spells.
Your spell library was empty.

Dungeon Overview and Level Annotations

Branches:
Dungeon (5/15)             Temple (1/1) D:4

Altars:
Ashenzari
Cheibriados
Dithmenos
Hepliaklqana
Kikubaaqudgha
Makhleb
Nemelex Xobeh
Qazlal
Ru
Sif Muna
Trog
Uskayaw
Vehumet
Wu Jian
Xom
Yredelemnul
Zin
The Shining One

Shops:
D:5 }

Annotations:
D:4 2 runed translucent doors, TheRealDirtyDan's ghost, amateur MiBe


Innate Abilities, Weirdness & Mutations

You reflexively headbutt those who attack you in melee.
You have a pair of horns on your head.


Message History

The yak gores you but does no damage.
You hit the yak but do no damage.
The yak is heavily wounded.
The yak gores you!
You slash the yak! Your headbutt misses the yak.
The yak is severely wounded.
The yak gores you!
* * * LOW HITPOINT WARNING * * *
You slash the yak! You headbutt the yak.
You kill the yak!
Your Fighting skill increases to level 7!
You hit the yak but do no damage. You headbutt the yak, but do no damage.
You barely miss the yak. You headbutt the yak.
The yak is lightly wounded.
The yak gores you!
* * * LOW HITPOINT WARNING * * *
You hit the yak but do no damage.
The yak is lightly wounded.
The yak gores you!
You die...

#.......####
#.##.#
####.####
#....# #.# #
...#.# #.#
.# # ##.#.
#.#
####.#.##
#.#
#......(.
#.# #Y(...=#
#.# #Y#
#.########@#
#..........#
############


You could see 2 yaks.

Vanquished Creatures
  4 yaks (D:7)
  Duvessa (D:7)
  An ice beast (D:7)
  A centaur (D:7)
  A bullfrog (D:7)
  Dowan (D:7)
  3 scorpions
  A crimson imp (D:7)
  A jelly (D:5)
  2 bullfrog zombies
  A bullfrog skeleton (D:4)
  2 hounds
  2 iguanas (D:4)
  7 worker ants
  A killer bee zombie (D:7)
  A howler monkey skeleton (D:4)
  11 adders
  10 gnolls
  An adder zombie (D:3)
  2 worms
  3 dart slugs
  4 leopard geckos
  2 orcs
  7 bats
  A giant cockroach (D:5)
  5 goblins
  7 hobgoblins
  5 jackals
  2 quokkas (D:3)
  3 ball pythons
  6 frilled lizards
  A jackal skeleton (D:7)
  7 kobolds
  10 rats
117 creatures vanquished.

Notes
Turn   | Place    | Note
-------+----------+-------------------------------------------
     0 | D:1      | relicbr the Minotaur Gladiator began the quest for the Orb.
     0 | D:1      | Reached XP level 1. HP: 18/18 MP: 0/0
    70 | D:1      | Reached skill level 4 in Axes
   166 | D:1      | Reached XP level 2. HP: 22/25 MP: 1/1
   227 | D:1      | You fall into a shaft and drop 1 floor!
   486 | D:2      | Reached skill level 5 in Axes
   493 | D:2      | Reached XP level 3. HP: 23/30 MP: 2/2
   992 | D:2      | Reached XP level 4. HP: 37/37 MP: 3/3
  1030 | D:2      | Reached skill level 6 in Axes
  1806 | D:3      | Reached XP level 5. HP: 40/42 MP: 4/4
  1828 | D:3      | Reached skill level 7 in Axes
  1866 | D:3      | Found an ornate altar of the Wu Jian Council.
  2270 | D:3      | Found a sparkling altar of Nemelex Xobeh.
  2271 | D:3      | Found a sacrificial altar of Ru.
  2585 | D:4      | Reached skill level 8 in Axes
  2840 | D:4      | Found a runed translucent door.
  2842 | D:4      | Noticed TheRealDirtyDan's ghost (amateur MiBe)
  2861 | D:4      | Found a runed translucent door.
  2890 | D:4      | Reached XP level 6. HP: 35/50 MP: 5/5
  3535 | D:4      | Found a staircase to the Ecumenical Temple.
  3667 | D:4      | Reached skill level 9 in Axes
  3720 | Temple   | Entered the Ecumenical Temple
  3834 | D:5      | Entered Level 5 of the Dungeon
  3950 | D:5      | Found Osetz's Gadget Shop.
  4143 | D:5      | Reached XP level 7. HP: 56/56 MP: 6/6
  4155 | D:5      | Found a burning altar of Makhleb.
  4249 | D:5      | You fall into a shaft and drop 2 floors!
  4304 | D:7      | Reached skill level 10 in Axes
  4481 | D:7      | Reached skill level 11 in Axes
  4498 | D:7      | Noticed Duvessa
  4499 | D:7      | Noticed Dowan
  4513 | D:7      | Killed Duvessa
  4513 | D:7      | Reached XP level 8. HP: 33/62 MP: 7/7
  4516 | D:7      | Killed Dowan
  4771 | D:7      | Reached skill level 12 in Axes
  5250 | D:7      | Reached skill level 5 in Fighting
  5266 | D:7      | Mangled by a yak

Levels and vault maps discovered:
D:1:      dpeg_arrival_connections, layout_rooms
D:2:      layout_rooms, minmay_misc_feat_four_crosses,
          hangedman_decor_diamond_cutter, minivault_11, cheibrodos_gnoll_hut
D:3:      layout_loops_ring, marbit_many_paths, gammafunk_temple_overflow_pools,
          first_ration
D:4:      layout_gridville, minmay_temple_entry_enclosed_plants,
          ebering_ghost_sewer_f, grunt_decor_one_mirror
D:5:      layout_cave_pools, basic_altar, serial_shops,
          nicolae_shop_behind_doors, shop, kennysheep_pointless_box
D:7:      layout_loops_corners, uniq_duvessa
Temple:   eino_temple_lava

Skill      XL: |  1  2  3  4  5  6  7  8 |
---------------+-------------------------+-----
Axes           | 4 5 6 8 9 11 12 | 12.1
Fighting       | 7 |  7.4
Throwing       | |  2.0
Dodging        | |  3.2

Action                   |  1- 3 |  4- 6 |  7- 9 || total
-------------------------+-------+-------+-------++-------
Melee: War axe           |    39 |   136 |    95 ||   270
       Headbutt          |     2 |    27 |    30 ||    59
Throw: Dart              |       |    38 |    40 ||    78
       Throwing net      |       |       |     2 ||     2
  Use: Scroll            |       |     5 |       ||     5
 Stab: Sleeping          |       |     1 |       ||     1
  Eat: Chunk             |       |     9 |     5 ||    14
Armor: Leather armour    |     8 |    16 |       ||    24
       Ring mail         |       |     8 |    16 ||    24
Dodge: Dodged            |    32 |    91 |    50 ||   173

Table legend:
 A = Non-vault XP
 B = Vault XP
 C = Vault XP percentage of total XP
 D = Non-vault monster count
 E = Vault monster count
 F = Vault count percentage of total count
                 A         B        C        D         E       F
            +---------+---------+-------+---------+---------+-------
      Total |    2377 |     267 |  10.1 |     111 |       6 |   5.1
            +---------+---------+-------+---------+---------+-------
        D:1 |      32 |       0 |   0.0 |      20 |       0 |   0.0
        D:2 |     142 |      18 |  11.2 |      27 |       3 |  10.0
        D:3 |      53 |      13 |  19.7 |      20 |       1 |   4.8
        D:4 |     323 |       0 |   0.0 |      14 |       0 |   0.0
        D:5 |     275 |       0 |   0.0 |       8 |       0 |   0.0
        D:7 |    1552 |     236 |  13.2 |      22 |       2 |   8.3
            +---------+---------+-------+---------+---------+-------
